 Dungeon Crawl Stone Soup version 0.22.1-5-g62c59d919a (webtiles) character file.

121 Marnok the Slasher (level 4, -2/37 HPs)
             Began as a Minotaur Gladiator on Jan 9, 2019.
             Slain by a gnoll
             ... wielding a +0 spear
              (6 damage)
             ... on level 5 of the Dungeon.
             The game lasted 00:08:10 (1721 turns).

Marnok the Slasher (Minotaur Gladiator)             Turns: 1721, Time: 00:08:10

Health: -2/37      AC:  3    Str: 20    XL:     4   Next: 77%
Magic:  3/3        EV: 14    Int:  5    God:
Gold:   95         SH:  0    Dex: 17    Spells: 3/3 levels left

rFire    . . .     SeeInvis .   a - +1 long sword
rCold    . . .     Gourm    .   (no shield)
rNeg     . . .     Faith    .   b - +0 leather armour
rPois    .         Spirit   .   c - +0 hat
rElec    .         Reflect  .   (no cloak)
rCorr    .         Harm     .   (no gloves)
MR       .....                  (no boots)
Stlth    ++........             k - amulet of magic regeneration
HPRegen  0.12/turn              g - +2 ring of strength
MPRegen  0.33/turn              j - +4 ring of dexterity

@: no status effects
A: retaliatory headbutt, horns 2
a: no special abilities


You were on level 5 of the Dungeon.
You were hungry.

You visited 1 branch of the dungeon, and saw 5 of its levels.

You collected 95 gold pieces.

Inventory:

Hand Weapons
 a - a +1 long sword (weapon)
Missiles
 d - 3 throwing nets (quivered)
Armour
 b - a +0 leather armour (worn)
 c - a +0 hat (worn)
Jewellery
 g - a +2 ring of strength (left hand)
 i - an uncursed amulet of rage
 j - a +4 ring of dexterity (right hand)
 k - an amulet of magic regeneration (around neck)
Comestibles
 f - 4 rations


   Skills:
 + Level 2.8 Fighting
 + Level 5.3 Long Blades
 + Level 2.1 Throwing
 + Level 2.1 Armour
 + Level 3.9 Dodging
 + Level 0.6 Stealth


You had 3 spell levels left.
You didn't know any spells.
Your spell library was empty.

Dungeon Overview and Level Annotations

Branches:
Dungeon (5/15)
 Temple: D:4-7

Altars:
Sif Muna

Annotations:
D:3 1 runed door
D:5 Ijyb


Innate Abilities, Weirdness & Mutations

You reflexively headbutt those who attack you in melee.
You have a pair of horns on your head.


Message History

The gnoll shouts!
You see here a scroll labeled LATE OPHYROADO.
h - a scroll labeled LATE OPHYROADO The ice beast closely misses you.
An adder comes into view.
As you read the scroll labeled LATE OPHYROADO, it crumbles to dust.
You feel strangely unstable.
It was a scroll of teleportation.
The ice beast closely misses you.
You riposte.
You barely miss the ice beast.
The adder hisses angrily.
You headbutt the ice beast.
The ice beast is severely wounded.
It was a potion of cancellation.
You feel strangely stable.
You feel magically purged. The ice beast hits you.
* * * LOW HITPOINT WARNING * * *
The ice beast freezes you.
* * * LOW HITPOINT WARNING * * *
Ijyb screams, "Me very upset!"
The gnoll hits you from afar with a spear.
You die...

### #### ..######...
#.##... ..#
####.####g##.# #.#
..S..g.@Ya...####.######
.###.####.##............
#......#.....†.##.
#.#.........##.##.
#.######.#####.... # #.#
#.### ..# #.# ##.# #.#
##. #.#


You could see an ice beast, Ijyb, a worker ant, a gnoll and an adder.

Vanquished Creatures
  A hound (D:5)
  A worker ant (D:4)
  2 adders
  3 worms (D:2)
  3 dart slugs
  7 bats
  A giant cockroach (D:1)
  6 goblins
  3 hobgoblins
  6 kobolds
  2 quokkas (D:2)
  A frilled lizard (D:2)
  A goblin skeleton (D:3)
  3 rats
40 creatures vanquished.

Notes
Turn   | Place    | Note
-------+----------+-------------------------------------------
     0 | D:1      | Marnok the Minotaur Gladiator began the quest for the Orb.
     0 | D:1      | Reached XP level 1. HP: 18/18 MP: 0/0
   184 | D:1      | Reached XP level 2. HP: 16/25 MP: 1/1
   321 | D:1      | Reached skill level 4 in Long Blades
   811 | D:2      | Reached XP level 3. HP: 30/30 MP: 2/2
   842 | D:2      | Reached skill level 1 in Armour
   919 | D:2      | HP: 1/30 [poisoned by an adder]
  1223 | D:2      | Found a deep blue altar of Sif Muna.
  1429 | D:3      | Reached XP level 4. HP: 18/37 MP: 3/3
  1431 | D:3      | Found a runed door.
  1431 | D:3      | Noticed a human
  1445 | D:4      | Reached skill level 5 in Long Blades
  1653 | D:5      | Entered Level 5 of the Dungeon
  1654 | D:5      | Noticed an ice beast
  1702 | D:5      | Noticed Ijyb
  1721 | D:5      | Slain by a gnoll

Skill      XL: |  1  2  3  4 |
---------------+-------------+-----
Long Blades    | 4 5 |  5.3
Armour         | 1 2 |  2.1
Fighting       | |  2.8
Throwing       | |  2.1
Dodging        | |  3.9
Stealth        | |  0.6

Action                   |  1- 3 |  4- 6 || total
-------------------------+-------+-------++-------
Melee: Long sword        |    68 |    13 ||    81
       Headbutt          |    13 |     3 ||    16
  Use: Scroll            |     4 |     2 ||     6
       Potion            |     2 |     2 ||     4
 Stab: Distracted        |     1 |       ||     1
       Sleeping          |     1 |       ||     1
  Eat: Chunk             |     2 |       ||     2
Armor: Leather armour    |    14 |     5 ||    19
Dodge: Dodged            |    51 |    13 ||    64
       Rpst.: Long sword |    10 |     1 ||    11
